 Dungeon Crawl Stone Soup version 0.26.1-10-gdfb7c7de75 (webtiles) character file.

Game seed: 2320367258573129877

367 OdinFK the Grave Robber (level 6, -1/25 (30) HPs)
             Began as a Vine Stalker Necromancer on Apr 4, 2021.
             Slain by a wight
             ... wielding a cursed +0 long sword
              (3 damage)
             ... on level 6 of the Dungeon.
             The game lasted 00:27:06 (3490 turns).

OdinFK the Grave Robber (Vine Stalker Necromancer)  Turns: 3490, Time: 00:27:06

HP:   -1/25 (30)    AC:  5    Str: 11    XL:     6   Next: 69%
MP:   0/10          EV: 12    Int: 17    God:
Gold: 173           SH:  4    Dex: 14    Spells: 4/9 levels left

rFire    . . .     SeeInvis .   u - +2 dagger (elec)
rCold    . . .     Faith    .   r - +0 buckler
rNeg     . . .     Spirit   +   a - +0 robe
rPois    .         Reflect  .   t - +0 helmet
rElec    .         Harm     .   k - +0 cloak
rCorr    .         Rampage  .   (no gloves)
Will     .....                  o - +0 pair of boots
Stlth    ++........             (no amulet)
HPRegen  0.48/turn              (no ring)
MPRegen  0.12/turn              (no ring)

@: heavily drained
A: fangs 2, regeneration 1, magic shield, antimagic bite, no potion heal 3
a: no special abilities


You were on level 6 of the Dungeon.
You visited 1 branch of the dungeon, and saw 6 of its levels.

You collected 173 gold pieces.

Inventory:

Hand Weapons
 u - a +2 dagger of electrocution (weapon)
Armour
 a - a +0 robe (worn)
 c - a +0 kite shield
 k - a +0 cloak (worn)
 o - a +0 pair of boots (worn)
 r - a +0 buckler (worn)
 t - a +0 helmet (worn)
Jewellery
 p - an uncursed ring of resist corrosion {unknown}
Scrolls
 b - a scroll of blinking {unknown}
 d - 3 scrolls of teleportation {unknown}
 e - a scroll of enchant weapon {unknown}
 h - 4 scrolls of remove curse {unknown}
 j - 2 scrolls of noise {unknown}
 l - a scroll of identify {unknown}
 n - a scroll of magic mapping {unknown}
Potions
 f - 2 potions of heal wounds {unknown}
 i - 2 potions of curing {unknown}
 m - a potion of might
 q - a potion of cancellation {unknown}
 s - a potion of lignification {unknown}


   Skills:
 + Level 2.1 Fighting
 + Level 2.1 Short Blades
 + Level 2.1 Dodging
 + Level 3.2 Stealth
 + Level 1.2 Shields
 - Level 2.1 Spellcasting
 + Level 6.0 Necromancy


You had 4 spell levels left.
You knew the following spells:

 Your Spells              Type           Power        Failure   Level
a - Pain                  Necr           88%          2%          1
b - Animate Skeleton      Necr           44%          2%          1
c - Vampiric Draining     Necr           11%          7%          3

Your spell library contained the following spells:

 Spells                   Type           Power        Failure   Level
 Animate Dead             Necr           11%          22%         4
 Agony                    Necr           22%          52%         5


Dungeon Overview and Level Annotations

Branches:
Dungeon (6/15)
 Temple: D:4-7

Altars:
Nemelex Xobeh

Shops:
D:5 (


Innate Abilities, Weirdness & Mutations

You have extremely sharp teeth.
Your natural rate of healing is unusually fast.
When hurt, damage is shared between your health and your magic reserves.
Your bite disrupts and absorbs the magic of your enemies.
Potions cannot restore your health.


Message History

You start resting.
A sky beast is nearby!
HP restored.
You climb downwards.
An orc comes into view. It is wielding a +0 club.
The orc shouts!
You hear a shout!
The wight hits you but does no damage. You block the giant cockroach's attack.
The wight barely misses you. The orc hits you with a +0 club.
The wight hits you with a cursed +0 long sword!
You feel drained.
The giant cockroach bites you but does no damage.
There is a stone staircase leading up, spattered with blood here.
The orc closely misses you.
The wight hits you with a +0 great sword!
* * * LOW HITPOINT WARNING * * *
The giant cockroach barely misses you.
The wight hits you with a cursed +0 long sword!
* * * LOW HITPOINT WARNING * * *
You feel drained.
You die...

#..# ..##
...## #
....###..
#........
##........
#o.o......
#.@B......
#.zz......
#.........
#.........
##........
+........
#........
####....[


You could see 2 wights, 2 orcs and a giant cockroach.

Vanquished Creatures
  A scorpion (D:5)
  A wight (D:5)
  A howler monkey (D:5)
  3 worker ants
  Robin (D:3)
  4 adders
  A white imp (D:5)
  A worm (D:2)
  A dart slug (D:1)
  A leopard gecko (D:4)
  9 orcs
  4 giant cockroaches
  11 goblins
  16 hobgoblins
  11 jackals
  10 kobolds
  8 bats
  4 frilled lizards
  A jackal skeleton (D:3)
  12 rats
101 creatures vanquished.

Vanquished Creatures (collateral kills)
  A kobold (D:1)
  2 frilled lizards (D:1)
3 creatures vanquished.

Vanquished Creatures (others)
  An orc (D:4)
1 creature vanquished.

Grand Total: 105 creatures vanquished

Notes
Turn   | Place    | Note
-------+----------+-------------------------------------------
     0 | D:1      | OdinFK the Vine Stalker Necromancer began the quest for the
                  | Orb.
     0 | D:1      | Reached XP level 1. HP: 9/9 MP: 4/4
   174 | D:1      | Reached XP level 2. HP: 2/14 MP: 3/6
   407 | D:1      | Learned a level 1 spell: Animate Skeleton
   499 | D:1      | Reached skill level 1 in Fighting
   905 | D:1      | Reached XP level 3. HP: 8/18 MP: 4/7
  1367 | D:2      | Found a sparkling altar of Nemelex Xobeh.
  1621 | D:2      | Gained mutation: Your natural rate of healing is unusually
                  | fast. [Vine Stalker growth]
  1621 | D:2      | Reached XP level 4. HP: 10/23 MP: 0/8
  1690 | D:2      | Learned a level 3 spell: Vampiric Draining
  2013 | D:3      | Reached skill level 5 in Necromancy
  2432 | D:3      | Reached XP level 5. HP: 24/26 MP: 2/9
  2434 | D:3      | Noticed Robin
  2455 | D:3      | Killed Robin
  2776 | D:4      | Noticed a centaur
  2805 | D:4      | Reached skill level 1 in Shields
  2956 | D:4      | Reached skill level 1 in Short Blades
  3011 | D:5      | Entered Level 5 of the Dungeon
  3116 | D:5      | Found Ytofuv's Antique Weapon Emporium.
  3199 | D:5      | Reached XP level 6. HP: 30/30 MP: 8/10
  3234 | D:5      | Reached skill level 6 in Necromancy
  3302 | D:5      | Noticed a sky beast
  3358 | D:5      | Noticed a sky beast
  3490 | D:6      | Slain by a wight

Illustrated notes

Levels and vault maps discovered:
D:1:      ebering_hopf_link, layout_rooms
D:2:      layout_rooms, nemelex_xobeh_ov_fountains_minmay
D:3:      layout_basic, uniq_robin
D:4:      layout_basic, nicolae_overflow_hidden_temple, temple_hall,
          lemuel_flame_loot_1
D:5:      layout_loops_corners, lemuel_coloured_pillars_altar, serial_shops,
          kennysheep_mini_moat
D:6:      layout_cave_pods, chequers_temple_overflow_minitemple,
          lightli_temple_of_fire, minmay_chambers_of_fives, uniq_grinder

Skill      XL: |  1  2  3  4  5  6 |
---------------+-------------------+-----
Fighting       | 1 2 |  2.1
Stealth        | 3 |  3.2
Dodging        | 2 |  2.1
Necromancy     | 5 6 |  6.0
Shields        | 1 |  1.2
Short Blades   | 1 2 |  2.1
Spellcasting   | |  2.1

Action                   |  1- 3 |  4- 6 || total
-------------------------+-------+-------++-------
Melee: Club              |     3 |       ||     3
       Bite              |     1 |    33 ||    34
       Dagger            |     3 |   145 ||   148
 Cast: Pain              |    73 |    62 ||   135
       Animate Skeleton  |     8 |     3 ||    11
 Stab: Sleeping          |     3 |     6 ||     9
       Distracted        |       |     1 ||     1
Armor: Robe              |     8 |    30 ||    38
Dodge: Dodged            |    23 |    97 ||   120
Block: Buckler           |       |    12 ||    12
